 Dungeon Crawl Stone Soup version 0.26.0-20-g3ca415f5b8 (webtiles) character file.

Game seed: 17250254501331292182

153 kreisler the Covert (level 5, 0/35 HPs)
             Began as an Octopode Brigand on Jan 24, 2021.
             Slain by an orc
             ... wielding a +0 hand axe
              (5 damage)
             ... on level 3 of the Dungeon.
             The game lasted 00:09:03 (2259 turns).

kreisler the Covert (Octopode Brigand)              Turns: 2259, Time: 00:09:03

Health: 0/35       AC:  1    Str: 10    XL:     5   Next: 35%
Magic:  5/5        EV: 13    Int: 14    God:
Gold:   175        SH:  0    Dex: 14    Spells: 4/4 levels left

rFire    . . .     SeeInvis .   a - +3 dagger
rCold    . . .     Faith    .   (no shield)
rNeg     . . .     Spirit   .   (helmet restricted)
rPois    .         Reflect  .   (no amulet)
rElec    .         Harm     .   (no ring)
rCorr    .         Rampage  .   (no ring)
Will     .....                  (no ring)
Stlth    +++++.....             (no ring)
HPRegen  0.11/turn              (no ring)
MPRegen  0.09/turn              (no ring)
                                (no ring)
                                (no ring)

@: no status effects
A: almost no armour, stealthy swim, amphibious, 8 rings, constrict 8, camouflage
1, gelatinous body 1
a: no special abilities


You were on level 3 of the Dungeon.
You visited 1 branch of the dungeon, and saw 3 of its levels.

You collected 175 gold pieces.

Inventory:

Hand Weapons
 a - a +3 dagger (weapon)
Missiles
 b - 7 poisoned darts (quivered)
 c - 2 curare-tipped darts
Jewellery
 h - an uncursed ring of magical power {unknown}
Scrolls
 e - 6 scrolls of identify
 j - a scroll of remove curse
Potions
 f - a potion of degeneration


   Skills:
 + Level 2.3 Fighting
 + Level 2.6 Short Blades
 + Level 2.2 Throwing
 + Level 1.1 Dodging
 + Level 8.2 Stealth


You had 4 spell levels left.
You didn't know any spells.
Your spell library contained the following spells:

 Spells                   Type           Power        Failure   Level
 Magic Dart               Conj           0%           28%         1
 Blink                    Tloc           N/A          41%         2
 Call Imp                 Summ           0%           41%         2
 Slow                     Hex            0%           41%         2
 Conjure Flame            Conj/Fire      0%           65%         3
 Mephitic Cloud           Conj/Pois/Air  0%           65%         3


Dungeon Overview and Level Annotations

Branches:
Dungeon (3/15)

Altars:
The Shining One


Innate Abilities, Weirdness & Mutations

You cannot wear most types of armour.
You are very stealthy in the water. (Stealth+)
You are amphibious.
You can wear up to eight rings at the same time.
You can use your tentacles to constrict eight enemies at once.
Your skin changes colour to match your surroundings (Stealth+).
Your rubbery body absorbs attacks. (AC +1, EV +1)


Message History

You hear an angry hiss.
You hit the orc but do no damage. You grab the orc.
The orc is heavily wounded.
You constrict the orc, but do no damage.
A ball python comes into view.
The orc hits you with a +0 hand axe.
You hit the orc but do no damage.
The orc is heavily wounded.
You constrict the orc, but do no damage.
You hit the orc but do no damage.
The orc is heavily wounded.
You constrict the orc, but do no damage.
The orc misses you.
The orc priest invokes the aid of Beogh against you.
Beogh smites you!
* * * LOW HITPOINT WARNING * * *
As you read the scroll labelled PEIPRE MIUJE, it crumbles to dust.
You feel aware of your surroundings.
It was a scroll of magic mapping.
You constrict the orc. The orc hits you with a +0 hand axe.
You die...

**,*,*****,,,,*,,* *,***
**,***,***,,...#,,*****,*
**,**
**,*,,,,...,,,,,,,,* *,**
**,,,,,...,******** **,**
**,***...S#** **,***,**
*#.#o# **,*,** #.#o#
**,** #.#o# *** #.#@#
###### #.#.########....#
#.#..........##.#
#.$...).......#.#
#############.#.#
#.#.#### #.......
########


You could see an orc priest, 2 orcs and a ball python.

Vanquished Creatures
  5 adders
  2 oozes
  3 worms (D:2)
  4 dart slugs
  9 orcs (D:3)
  3 giant cockroaches
  9 goblins
  8 hobgoblins
  8 jackals
  A ball python (D:2)
  8 bats
  4 frilled lizards
  3 kobolds
  6 rats
73 creatures vanquished.

Vanquished Creatures (others)
  2 plants (D:1)
2 creatures vanquished.

Grand Total: 75 creatures vanquished

Notes
Turn   | Place    | Note
-------+----------+-------------------------------------------
     0 | D:1      | kreisler the Octopode Brigand began the quest for the Orb.
     0 | D:1      | Reached XP level 1. HP: 14/14 MP: 1/1
   168 | D:1      | Reached XP level 2. HP: 19/19 MP: 2/2
   181 | D:1      | Reached skill level 6 in Stealth
   615 | D:1      | Reached XP level 3. HP: 24/24 MP: 3/3
  1055 | D:2      | Reached skill level 7 in Stealth
  1157 | D:2      | Reached XP level 4. HP: 10/29 MP: 4/4
  1947 | D:3      | Found a glowing golden altar of the Shining One.
  1961 | D:3      | Reached XP level 5. HP: 27/34 MP: 5/5
  2067 | D:3      | Reached skill level 8 in Stealth
  2259 | D:3      | Slain by an orc

Illustrated notes

Levels and vault maps discovered:
D:1:      wander_arrival_peaceful_grave, layout_loops_corners,
          serial_bayou_lagoon_a
D:2:      layout_loops_corners, st_stairs_9
D:3:      layout_loops_ring, tso_altar, kennysheep_generic_room_2

Skill      XL: |  1  2  3  4  5 |
---------------+----------------+-----
Stealth        | 6 7 8 |  8.2
Fighting       | |  2.3
Short Blades   | |  2.6
Throwing       | |  2.2
Dodging        | |  1.1

Action                   |  1- 3 |  4- 6 || total
-------------------------+-------+-------++-------
Melee: Dagger            |    60 |    73 ||   133
       Constrict         |    10 |    14 ||    24
       Tentacles         |     4 |    11 ||    15
Throw: Dart              |       |     2 ||     2
  Use: Potion            |     3 |     2 ||     5
       Scroll            |     2 |     5 ||     7
 Stab: Sleeping          |    20 |    18 ||    38
Armor: Skin              |     9 |     2 ||    11
Dodge: Dodged            |    18 |    38 ||    56
